Map: Data-C

Players

Raza

  • Race: Terran Terran
  • Spawn Location: 3:00

NXZ - Winner!

  • Race: Zerg Zerg
  • Spawn Location: 9:00

Event: DreamHack SC2 Masters 2022 Atlanta (Online)

VOD

Have the link to the VOD?

Description

Time

  • Played on: Sept. 28, 2022, 6:25 a.m.
  • Length: 25:01

All games in this series

Show
View Real Time Build Order
Export as new Build Order

Raza Terran 

Build Orders: Command Center First (CC) 

Get SALT Encoding   

  12  0:00  SCV  
  13  0:12  SCV  
  14  0:17  Supply Depot  
  14  0:24  SCV  
  15  0:38  SCV  
  16  0:50  SCV  
  17  1:01  Command Center  
  17  1:03  SCV  
  18  1:13  Barracks  
  18  1:17  SCV  
  19  1:23  Refinery  
  19  1:29  SCV  
  20  1:34  Refinery  
  20  1:41  SCV  
  21  2:00  Orbital Command, Marine  
  22  2:13  Factory  
  22  2:15  Orbital Command  
  22  2:22  Barracks Reactor  
  22  2:26  SCV  
  23  2:38  SCV  
  23  2:41  SCV  
  25  2:50  SCV  
  26  2:53  SCV  
  27  2:59  Supply Depot  
  27  3:02  SCV, Starport  
  27  3:04  Hellion  
  27  3:05  Hellion, SCV  
  33  3:15  SCV  
  33  3:17  SCV  
  33  3:19  Supply Depot  
  35  3:21  Refinery  
  35  3:26  Hellion  
  35  3:27  SCV  
  38  3:30  Hellion  
  38  3:32  SCV  
  41  3:35  Marine  
  41  3:36  Refinery  
  41  3:39  SCV  
  43  3:42  Viking  
  43  3:48  SCV  
  46  3:51  Fusion Core  
  46  3:57  SCV  
  46  4:01  Barracks Tech Lab  
  46  4:02  SCV  
  48  4:04  Starport  
  48  4:09  Hellion  
  50  4:11  Supply Depot  
  50  4:13  Hellion  
  50  4:15  SCV  
  53  4:18  SCV  
  53  4:22  Starport Tech Lab  
  54  4:32  SCV x2  
  54  4:34  Supply Depot  
  54  4:35  Supply Depot  
  57  4:46  Battlecruiser  
  62  4:55  Supply Depot  
  62  4:58  Battlecruiser  
  68  5:00  SCV  
  68  5:02  SCV  
  70  5:10  Hellion  
  66  5:20  Hellion  
  55  5:30  SCV  
  49  5:38  SCV  
  46  5:43  SCV  
  47  5:50  Weapon Refit  
  47  5:53  SCV  
  47  5:55  SCV  
  49  6:04  Battlecruiser  
  49  6:07  SCV x2  
  57  6:19  SCV x2  
  59  6:27  Battlecruiser  
  59  6:31  SCV  
  66  6:36  Supply Depot, SCV  
  67  6:47  SCV  
  67  6:48  SCV  
  67  6:50  Supply Depot  
  71  7:01  Command Center  
  69  7:03  SCV  
  70  7:09  SCV  
  71  7:19  Battlecruiser  
  77  7:23  SCV  
  77  7:29  SCV  
  85  7:44  Battlecruiser  
  85  7:45  Hellion x2, SCV x2  
  91  7:57  SCV  
  92  7:59  SCV  
  92  8:02  Factory  
  92  8:04  Factory  
  93  8:10  SCV  
  98  8:13  Hellion x2  
  98  8:15  Orbital Command  
  98  8:22  SCV  
  99  8:43  Battlecruiser  
  99  8:46  SCV  
  99  8:47  Orbital Command  
  106  8:55  SCV  
  106  9:01  SCV  
  108  9:04  Factory Tech Lab  
  108  9:05  Factory Tech Lab  
  108  9:14  SCV  
  109  9:20  SCV x2  
  109  9:21  Hellion x2  
  115  9:26  SCV  
  111  9:33  SCV  
  111  9:37  Battlecruiser  
  115  9:41  SCV x2  
  115  9:43  Refinery x2  
  115  9:56  SCV  
  116  10:02  Supply Depot x2  
  116  10:03  Hellion x2, Siege Tank  
  123  10:18  SCV x3  
  123  10:19  Siege Tank  
  123  10:27  Hellion x2  
  119  10:33  SCV x2  
  119  10:35  Siege Tank  
  124  10:36  Armory x2  
  124  10:37  SCV  
  123  10:45  SCV x2  
  123  10:47  Supply Depot  
  125  10:50  Command Center  
  125  10:52  Cyclone  
  125  10:56  Hellion  
  130  10:59  Mag-Field Accelerator  
  130  11:06  Infernal Pre-Igniter  
  130  11:07  Cyclone  
  130  11:09  SCV  
  134  11:11  Supply Depot  
  134  11:13  SCV  
  135  11:28  Hellion x2  
  135  11:31  Cyclone  
  140  11:39  Cyclone  
  139  11:41  SCV x2  
  139  11:46  Terran Vehicle Weapons Level 1, Terran Vehicle And Ship Armor Level 1  
  133  11:54  Hellion x2  
  131  12:01  SCV  
  131  12:03  SCV, Factory  
  131  12:04  Factory  
  131  12:06  SCV  
  131  12:07  Engineering Bay  
  134  12:13  SCV  
  135  12:22  Cyclone x2, Hellion x2  
  145  12:27  SCV  
  144  12:34  Planetary Fortress  
  144  12:35  Hellion  
  142  12:39  Refinery  
  142  12:40  SCV  
  142  12:42  SCV x2  
  145  12:45  Supply Depot  
  145  12:47  Refinery  
  145  12:49  Hellion x2, Factory Tech Lab x2  
  149  12:53  SCV  
  152  12:58  Hellion, Siege Tank  
  155  13:08  SCV  
  155  13:11  Command Center  
  156  13:16  Hellion x2  
  156  13:17  Siege Tank  
  160  13:20  Cyclone  
  160  13:24  SCV, Siege Tank  
  160  13:25  SCV  
  155  13:35  SCV  
  155  13:36  SCV  
  155  13:40  Hellion, Siege Tank  
  155  13:41  Terran Vehicle Weapons Level 2, Terran Vehicle And Ship Armor Level 2  
  162  13:45  Command Center  
  162  13:46  SCV  
  162  13:47  Barracks Tech Lab  
  163  13:49  Siege Tank  
  163  13:51  Hellion, Missile Turret x2  
  163  13:55  Siege Tank  
  171  13:56  Missile Turret  
  171  13:59  Supply Depot  
  169  14:12  Command Center  
  169  14:13  Missile Turret  
  169  14:14  Missile Turret  
  161  14:35  Hellion x2, Siege Tank x2  
  171  14:40  Cyclone x2  
  171  14:45  SCV  
  178  14:47  SCV  
  178  14:49  SCV  
  180  14:53  SCV  
  180  14:58  Orbital Command  
  180  14:59  SCV  
  182  15:01  Hellion, Factory  
  182  15:03  SCV, Factory x2  
  169  15:07  Siege Tank  
  169  15:08  Hellion, Siege Tank  
  169  15:13  Raven  
  178  15:22  Planetary Fortress  
  178  15:24  Orbital Command  
  178  15:27  Hellion  
  180  15:31  Hellion x2, Siege Tank  
  180  15:35  SCV  
  188  15:39  Hellion  
  190  15:46  Refinery  
  190  15:47  Refinery  
  190  15:48  Siege Tank  
  193  15:53  Factory Tech Lab x2  
  193  15:54  Factory Tech Lab  
  193  15:56  SCV  
  199  16:11  Hellion, Siege Tank  
  199  16:21  Command Center, Missile Turret  
  199  16:22  Terran Vehicle Weapons Level 3, Missile Turret  
  199  16:23  Missile Turret  
  199  16:37  Thor, Hellion x2  
  190  16:41  Ghost Academy  
  190  16:42  SCV  
  191  16:53  Command Center  
  191  16:59  Command Center  
  191  17:07  Barracks  
  191  17:08  Thor  
  191  17:09  Siege Tank  
  174  17:17  Siege Tank x2  
  174  17:18  Hellion x2  
  174  17:19  Cyclone, Hellion  
  174  17:20  Hellion  
  158  17:30  SCV x2  
  159  17:39  Hellion x2  
  159  17:40  Siege Tank  
  159  17:41  Cyclone, Siege Tank  
  159  17:44  Orbital Command  
  164  17:50  Hellion x2  
  158  17:51  Hellion  
  158  17:52  Hellion  
  158  17:53  SCV  
  159  17:58  Missile Turret  
  159  18:00  Hellion, Ghost  
  159  18:01  Hellion  
  166  18:05  SCV  
  166  18:08  SCV x2  
  166  18:09  Barracks Tech Lab  
  166  18:11  Cyclone, Hellion, SCV  
  176  18:12  Hellion  
  176  18:15  Hellion, Siege Tank  
  176  18:17  Orbital Command  
  176  18:19  Missile Turret  
  186  18:20  Hellion, Siege Tank  
  186  18:22  SCV, Missile Turret  
  187  18:27  Command Center  
  187  18:35  Cyclone, Hellion, Siege Tank  
  194  18:42  Hellion  
  194  18:45  Missile Turret  
  199  18:51  Unknown  
  187  18:56  Thor  
  187  18:57  Thor  
  199  19:18  Command Center  
  198  19:39  Hellion  
  198  19:41  Cyclone, Siege Tank  
  198  19:42  Hellion, Orbital Command  
  198  19:43  Hellion, Siege Tank  
  168  19:56  Hellion, Siege Tank  
  163  20:00  Hellion  
  163  20:03  Hellion  
  163  20:04  Siege Tank  
  170  20:09  SCV  
  170  20:13  Siege Tank x2  
  177  20:15  Hellion  
  177  20:16  Planetary Fortress  
  177  20:17  Siege Tank  
  177  20:20  Refinery, Missile Turret  
  182  20:21  Missile Turret  
  182  20:22  Hellion  
  182  20:24  Hellion  
  182  20:28  Siege Tank  
  189  20:36  Hellion, Siege Tank  
  194  20:43  Hellion  
  194  20:45  Cyclone  
  199  21:04  Enhanced Shockwaves  
  199  21:05  Terran Vehicle And Ship Armor Level 3  
  199  21:07  SCV  
  196  21:21  Hellion x2  
  200  21:30  Missile Turret  
  197  21:49  Missile Turret  
  197  21:51  Cyclone  
  197  21:53  SCV  
  182  21:56  Cyclone, Hellion, Siege Tank  
  182  21:57  Cyclone, Hellion, Siege Tank  
  182  21:58  Hellion  
  172  22:17  Hellion  
  172  22:21  Hellion  
  173  22:24  Thor  
  173  22:28  Raven  
  181  22:33  Hellion  
  172  22:37  Siege Tank  
  172  22:41  Cyclone  
  172  22:44  Hellion  
  171  22:49  Hellion  
  157  22:59  Cyclone  
  157  23:01  Hellion  
  141  23:14  Raven x2  
  141  23:15  Hellion  
  141  23:18  Orbital Command  
  146  23:20  Hellion  
  127  23:31  Siege Tank  
  95  23:42  Hellion x4  
  95  23:43  Thor  
  93  23:57  Thor  
  87  24:39  Hellion  
Show
View Real Time Build Order
Export as new Build Order

NXZ Zerg - Winner!

Build Orders: Hatch First 

Get SALT Encoding   

  12  0:00  Drone  
  13  0:12  Overlord  
  13  0:17  Drone  
  14  0:30  Drone x2  
  16  0:48  Hatchery  
  15  0:50  Drone  
  15  0:54  Drone  
  17  0:58  Drone  
  18  1:09  Extractor  
  17  1:13  Spawning Pool  
  17  1:16  Drone  
  17  1:19  Drone  
  18  1:27  Drone  
  19  1:38  Drone  
  20  1:49  Drone  
  21  2:00  Zergling x2, Queen x2  
  21  2:01  Zergling x2  
  27  2:14  Hatchery  
  26  2:18  Overlord  
  26  2:21  Drone  
  27  2:25  Drone  
  28  2:37  Drone x3  
  31  2:39  Queen  
  33  2:44  Overlord  
  33  2:48  Drone  
  34  2:52  Metabolic Boost  
  34  2:54  Drone  
  34  2:57  Drone  
  36  3:03  Queen  
  38  3:07  Drone  
  38  3:08  Drone  
  38  3:11  Overlord  
  40  3:13  Drone  
  40  3:15  Drone  
  42  3:20  Drone x2  
  44  3:29  Drone x3  
  44  3:32  Roach Warren  
  45  3:34  Extractor  
  45  3:37  Overlord  
  44  3:43  Zergling x6  
  44  3:47  Drone x3  
  50  3:50  Overlord  
  50  4:07  Overlord  
  50  4:12  Roach  
  50  4:13  Roach x6  
  64  4:18  Roach x2  
  64  4:22  Zergling x6  
  64  4:23  Zergling x2  
  72  4:26  Zergling x4  
  72  4:29  Zergling x2  
  75  4:31  Zergling x2  
  75  4:37  Lair, Drone  
  77  4:41  Overlord  
  77  4:42  Overlord  
  77  4:50  Overlord x2  
  77  4:54  Overlord  
  77  5:01  Drone x4  
  77  5:03  Drone  
  68  5:25  Drone x10  
  76  5:30  Queen x2  
  74  5:36  Glial Reconstitution  
  74  5:40  Drone x9  
  74  5:42  Drone  
  78  5:47  Spore Crawler x2  
  78  5:49  Spore Crawler  
  73  5:51  Queen  
  73  5:52  Overseer  
  75  5:57  Spore Crawler  
  75  6:00  Spore Crawler x2  
  75  6:01  Roach x2  
  76  6:15  Spire  
  76  6:17  Hatchery  
  70  6:19  Queen x2  
  67  6:33  Queen  
  67  6:34  Drone x6  
  67  6:37  Drone x2  
  73  6:43  Spire  
  73  6:45  Drone x5  
  75  6:48  Drone x2  
  81  6:54  Drone x5  
  81  6:55  Queen  
  81  6:56  Drone  
  84  7:03  Extractor  
  84  7:04  Extractor  
  84  7:06  Drone x3, Extractor  
  84  7:09  Overlord x3  
  84  7:10  Extractor, Overlord  
  78  7:29  Hydralisk Den  
  74  7:44  Spore Crawler  
  74  7:45  Queen x3  
  74  7:47  Queen  
  74  7:49  Roach x12  
  95  8:01  Hydralisk x5  
  105  8:06  Overlord x3  
  105  8:07  Overlord x2  
  104  8:15  Overlord x2  
  104  8:18  Spore Crawler  
  104  8:19  Extractor x2  
  101  8:20  Spore Crawler  
  100  8:28  Hydralisk x2  
  100  8:29  Spire  
  100  8:34  Hydralisk  
  100  8:37  Hydralisk  
  100  8:38  Drone x5  
  100  8:39  Drone  
  107  8:43  Drone x3  
  107  8:45  Drone  
  104  8:49  Hydralisk x2  
  104  8:53  Drone  
  104  9:01  Hydralisk x3  
  104  9:12  Queen x2  
  104  9:13  Queen  
  110  9:18  Drone x3  
  110  9:19  Drone x2  
  110  9:20  Drone  
  116  9:24  Overlord  
  100  9:40  Corruptor x4  
  100  9:42  Corruptor  
  108  9:46  Corruptor  
  108  9:52  Corruptor  
  110  9:55  Corruptor  
  110  9:57  Spore Crawler  
  110  9:59  Zergling x6  
  116  10:05  Corruptor  
  118  10:07  Corruptor  
  113  10:19  Corruptor  
  113  10:20  Corruptor  
  107  10:30  Corruptor x2  
  101  10:37  Corruptor  
  97  10:44  Corruptor  
  92  10:52  Corruptor  
  94  11:03  Evolution Chamber  
  94  11:04  Evolution Chamber  
  92  11:05  Drone x2  
  92  11:06  Drone x13  
  92  11:07  Hatchery  
  92  11:08  Drone  
  92  11:09  Drone  
  104  11:20  Corruptor x2  
  107  11:26  Roach x3  
  106  11:35  Drone x3  
  106  11:36  Drone x3  
  106  11:40  Drone x2  
  106  11:44  Corruptor  
  110  11:48  Corruptor  
  110  11:50  Zergling x2  
  115  11:54  Drone x2  
  115  11:55  Drone  
  116  12:07  Roach x2  
  120  12:13  Overseer  
  120  12:15  Corruptor, Hatchery  
  121  12:19  Roach x2  
  125  12:29  Roach x4  
  132  12:34  Drone x3  
  132  12:35  Drone  
  136  12:37  Drone x5  
  136  12:41  Zergling x6  
  144  12:47  Zergling x8  
  144  12:48  Ravager x4  
  144  12:50  Overlord  
  152  12:52  Overlord  
  152  12:53  Overseer  
  152  13:03  Overseer  
  152  13:05  Baneling Nest, Zerg Melee Weapons Level 1  
  151  13:06  Zerg Missile Weapons Level 1  
  151  13:09  Zergling x14  
  154  13:26  Zergling x24  
  150  13:36  Queen  
  150  13:38  Drone x6  
  158  13:46  Hatchery  
  157  13:48  Corruptor x2  
  157  13:54  Roach x2  
  157  13:55  Centrifugal Hooks  
  165  13:56  Baneling  
  165  13:57  Baneling x8  
  165  14:05  Overlord  
  165  14:06  Overlord x3  
  165  14:10  Infestation Pit  
  164  14:31  Zergling x38  
  164  14:33  Baneling x18  
  171  14:43  Drone x4  
  171  14:44  Drone x6  
  181  14:50  Hive  
  181  14:52  Infestor x2  
  185  14:53  Overlord x2  
  183  15:12  Roach x8  
  199  15:15  Spine Crawler x2  
  199  15:21  Corruptor x4  
  191  15:22  Zerg Melee Weapons Level 2  
  191  15:23  Zerg Missile Weapons Level 2  
  191  15:25  Drone  
  199  15:42  Overlord x2, Burrow  
  199  15:44  Zerg Flyer Armor Level 1  
  199  15:45  Hatchery  
  199  15:46  Spire  
  197  15:52  Corruptor  
  199  16:02  Spine Crawler  
  197  16:06  Spine Crawler  
  197  16:08  Adrenal Glands  
  184  16:49  Zergling x2  
  184  16:50  Zergling x28  
  184  16:52  Baneling x21  
  199  17:01  Greater Spire  
  199  17:04  Spore Crawler  
  199  17:06  Drone x3, Hatchery  
  199  17:07  Spore Crawler  
  184  17:22  Zergling x48  
  181  17:27  Roach  
  183  17:37  Zergling x32  
  187  17:50  Roach x9  
  190  17:56  Zerg Missile Weapons Level 3, Zerg Melee Weapons Level 3  
  190  17:57  Zerg Flyer Weapons Level 1  
  190  18:02  Drone x2  
  190  18:03  Drone x4  
  196  18:08  Extractor x2  
  196  18:11  Baneling x15  
  196  18:12  Ravager x5  
  199  18:15  Zerg Flyer Armor Level 2  
  199  18:18  Hatchery  
  198  18:23  Baneling x27  
  198  18:24  Baneling x8  
  198  18:29  Overseer  
  198  18:30  Overseer  
  190  18:49  Zergling x18  
  192  18:56  Zergling x18  
  194  19:42  Corruptor x3  
  196  19:51  Zergling x22  
  196  19:52  Zergling x6  
  190  20:02  Drone x2  
  190  20:03  Drone x3  
  195  20:11  Baneling x21  
  195  20:23  Ravager x5  
  200  20:30  Zerg Flyer Weapons Level 2  
  200  20:31  Hatchery, Zerg Flyer Armor Level 3  
  180  21:22  Zergling x46  
  189  21:27  Zergling x22  
  195  21:45  Zergling x16  
  199  21:47  Zerg Ground Armor Level 1  
  163  21:59  Roach x13  
  163  22:00  Zergling x70  
  163  22:01  Zergling x2  
  183  22:25  Baneling x25  
  183  22:29  Zergling x38  
  189  22:44  Brood Lord x8  
  174  22:45  Zergling x34  
  172  23:01  Zergling x6  
  172  23:02  Zergling x34  
  172  23:04  Hatchery  
  175  23:06  Zergling x2  
  175  23:08  Baneling x11, Roach  
  176  23:13  Roach x6  
  176  23:14  Roach x3  
  171  23:31  Roach x14  
  190  23:35  Roach x2  
  188  23:48  Hatchery  
  171  23:49  Roach x10  
  171  23:50  Roach x4  
  171  23:53  Infestor  
  199  24:20  Evolution Chamber  
  190  24:37  Ravager x5  
  190  24:44  Drone x7  
  190  24:45  Drone  
Tags
 
Add a new tag
Caveats
  • Supply blocks, unpowered buildings, or Contaminate may cause inaccurate times.
  • Supply counts are checked every 10 seconds.